 Dungeon Crawl Stone Soup version 0.21-a0-404-g291f19a (webtiles) character file.

3928 tof the Carver (level 10, -13/88 HPs)
             Began as a Minotaur Berserker on Oct 29, 2017.
             Was a High Priest of Trog.
             Shot with a sling bullet by Joseph (15 damage)
             ... on level 8 of the Dungeon.
             The game lasted 00:18:46 (7041 turns).

tof the Carver (Minotaur Berserker)                 Turns: 7041, Time: 00:18:47

Health: -13/88     AC: 15    Str: 24 (26) XL:     10   Next: 1%
Magic:  9/9        EV: 12    Int:  3 (4)  God:    Trog [*****.]
Gold:   308        SH:  0    Dex:  8 (9)  Spells: 9/9 levels left

rFire    + . .     SeeInvis .   a - +0 falchion
rCold    + . .     Gourm    .   (no shield)
rNeg     . . .     Faith    +   B - +1 scale mail {rF+}
rPois    .         Spirit   .   r - +1 hat
rElec    .         Reflect  .   h - +1 cloak
rCorr    .         Harm     .   F - +0 pair of gloves
MR       ++...                  D - +0 pair of boots (curse)
Stlth    +.........             y - amulet of Hamikhlyq {Faith rC+ Slay+4}
HPRegen  1.24/turn              s - ring of stealth
MPRegen  0.11/turn              (no ring)

@: about to teleport, regenerating
A: retaliatory headbutt, horns 2, evolution 1
a: Berserk, Trog's Hand, Brothers in Arms, Burn Spellbooks, Renounce Religion


You were on level 8 of the Dungeon.
You worshipped Trog.
Trog was extremely pleased with you.
You were not hungry.

You visited 1 branch of the dungeon, and saw 8 of its levels.

You collected 308 gold pieces.

Inventory:

Hand Weapons
 a - a +0 falchion (weapon)
Missiles
 g - 2 tomahawks of returning (quivered)
 I - 2 needles of confusion
Armour
 h - a +1 cloak (worn)
 r - a +1 hat (worn)
 B - a +1 scale mail of fire resistance (worn)
 D - a cursed +0 pair of boots (worn)
 F - a +0 pair of gloves (worn)
Jewellery
 s - a ring of stealth (left hand)
 t - a +5 amulet of reflection
 y - the amulet of Hamikhlyq (around neck) {Faith rC+ Slay+4}
   (You found it on level 5 of the Dungeon)

   [amulet of faith]

   It allows you to gain divine favour quickly.
   It affects your accuracy and damage with ranged weapons and melee attacks
   (+4).
   It protects you from cold.
Wands
 n - a wand of flame (9/48)
 z - a wand of iceblast (6/15)
Scrolls
 e - 4 scrolls of teleportation
 j - 7 scrolls of remove curse
 l - a scroll of enchant armour {unknown}
 m - 2 scrolls of magic mapping {unknown}
 o - 2 scrolls of amnesia {unknown}
 q - 6 scrolls of identify {unknown}
 x - a scroll of blinking {unknown}
 A - 2 scrolls of recharging {unknown}
 G - a scroll of vulnerability {unknown}
Potions
 b - 2 potions of heal wounds {unknown}
 k - 6 potions of curing
 p - a potion of magic {unknown}
 u - 2 potions of degeneration
 v - a potion of haste {unknown}
 C - a potion of flight {unknown}
 H - a potion of mutation {unknown}
Books
 E - a book of Frost

   Spells                             Type                      Level
   a - Freeze                         Ice                          1
   b - Throw Frost                    Conjuration/Ice              2
   c - Ozocubu's Armour               Charms/Ice                   3
   d - Throw Icicle                   Conjuration/Ice              4
   e - Summon Ice Beast               Ice/Summoning                4
   Trog disapproves of the use of such an item.
Comestibles
 c - 5 bread rations
 d - 9 fruits
 f - a royal jelly
 i - 4 meat rations


   Skills:
 + Level 7.9 Fighting
 * Level 10.7 Long Blades
 + Level 5.3 Throwing
 + Level 7.4 Armour
 + Level 6.8 Dodging


You had 9 spell levels left.
You didn't know any spells.

Dungeon Overview and Level Annotations

Branches:
Dungeon (8/15)             Temple (0/1) D:7
   Lair: D:8-11

Altars:
Hepliaklqana
Ru
Trog

Annotations:
D:7 2 transporters
D:8 Joseph


Innate Abilities, Weirdness & Mutations

You reflexively headbutt those who attack you in melee.
You have a pair of horns on your head.
You evolve.


Message History

You feel strangely unstable.
Your skin crawls.
You feel resistant to hostile enchantments.
You feel somewhat more hungry.
Joseph shoots a sling bullet.
The sling bullet hits you.
* * * LOW HITPOINT WARNING * * *
You see here a sling bullet.
Your surroundings suddenly seem different.
Found a scroll labeled HAFUITWEPUX.
You start resting.
As you read the scroll of teleportation, it crumbles to dust.
You feel strangely unstable.
Joseph shouts!
Joseph shoots a sling bullet.
The sling bullet hits you but does no damage.
Joseph zaps a wand.
The bolt of lightning misses you. The bolt of lightning hits you!
* * * LOW HITPOINT WARNING * * *
Joseph shoots a sling bullet.
The sling bullet hits you!
You die...

........##......... .#.....
.................(##.......
.......###.........@... ...
.......# #.........###.....
.......# #.........#
.......# #.........#
####..## #........(#
#.......## ##....@##
#######


You could see Joseph.

Vanquished Creatures
  The ghost of jhonbiscuit the Destroyer, a novice DsWz of Vehumet (D:5)
  Pikel (D:5)
  Grinder (D:5)
  Sigmund (D:6)
  A water moccasin (D:5)
  Edmund (D:5)
  4 slaves (D:5)
  An ice beast (D:5)
  A sky beast (D:5)
  5 phantoms
  2 centaurs
  2 ogres
  A scorpion (D:8)
  6 killer bees (D:8)
  4 wights (D:7)
  2 crimson imps
  A bullfrog zombie (D:5)
  A bullfrog skeleton (D:6)
  2 orc wizards
  2 gnoll shamans
  4 orc priests
  A centaur skeleton (D:4)
  2 hounds
  Ijyb (D:5)
  6 worker ants
  2 hound skeletons
  8 gnolls
  2 howler monkey skeletons
  12 adders
  2 river rats (D:5)
  8 worms
  2 dart slugs (D:1)
  4 leopard geckos
  17 orcs
  7 giant cockroaches
  5 goblins
  3 hobgoblins
  20 jackals
  7 kobolds
  5 quokkas
  A ball python (D:8)
  9 bats
  6 frilled lizards
  11 rats
185 creatures vanquished.

Vanquished Creatures (others)
  An orc (D:3)
1 creature vanquished.

Grand Total: 186 creatures vanquished

Notes
Turn   | Place    | Note
-------+----------+-------------------------------------------
     0 | D:1      | tof the Minotaur Berserker began the quest for the Orb.
     0 | D:1      | Reached XP level 1. HP: 19/19 MP: 0/0
   145 | D:1      | Reached XP level 2. HP: 27/27 MP: 1/1
   188 | D:1      | Reached skill level 4 in Long Blades
   624 | D:2      | Reached ** piety under Trog
   652 | D:2      | Reached XP level 3. HP: 33/33 MP: 2/2
   666 | D:2      | Found a hazy altar of Hepliaklqana.
   846 | D:2      | Reached XP level 4. HP: 28/40 MP: 3/3
  1348 | D:3      | Reached skill level 5 in Long Blades
  1563 | D:3      | Reached XP level 5. HP: 35/47 MP: 4/4
  1835 | D:3      | Reached *** piety under Trog
  2208 | D:4      | Found a sacrificial altar of Ru.
  2262 | D:4      | Reached XP level 6. HP: 53/55 MP: 5/5
  2267 | D:4      | Reached skill level 1 in Throwing
  2288 | D:4      | Reached skill level 6 in Long Blades
  2515 | D:4      | Reached skill level 5 in Fighting
  3111 | D:5      | Entered Level 5 of the Dungeon
  3114 | D:5      | Noticed jhonbiscuit's ghost (novice DsWz)
  3142 | D:4      | Reached XP level 7. HP: 61/61 MP: 6/6
  3451 | D:5      | Reached skill level 7 in Long Blades
  3639 | D:5      | Got a scintillating bronze amulet
  3649 | D:5      | Reached skill level 5 in Armour
  3700 | D:5      | Reached XP level 8. HP: 70/70 MP: 7/7
  3752 | D:5      | Noticed Pikel
  3776 | D:5      | Killed Pikel
  3776 | D:5      | Reached skill level 8 in Long Blades
  3776 | D:5      | Reached skill level 5 in Dodging
  3970 | D:5      | Noticed Ijyb
  3970 | D:5      | Noticed Grinder
  3976 | D:5      | Paralysed by Grinder for 7 turns
  3990 | D:5      | Killed Ijyb
  3993 | D:5      | Paralysed by Grinder for 5 turns
  4001 | D:5      | Killed Grinder
  4156 | D:5      | Reached **** piety under Trog
  4276 | D:5      | Noticed Edmund
  4287 | D:5      | Killed Edmund
  4287 | D:5      | Reached skill level 9 in Long Blades
  4315 | D:5      | Identified the amulet of Hamikhlyq {Faith rC+ Slay+4} (You found it on level 5 of the Dungeon)
  4350 | D:5      | Killed jhonbiscuit's ghost
  4350 | D:5      | Reached XP level 9. HP: 69/79 MP: 8/8
  4493 | D:5      | Gained mutation: Your mind is acute. (Int +2) [mutagenic meat]
  4494 | D:5      | Gained mutation: You evolve. [mutagenic meat]
  4495 | D:5      | Lost mutation: Your mind is acute. (Int +2) [mutagenic meat]
  5147 | D:6      | Noticed Sigmund
  5154 | D:6      | Killed Sigmund
  5154 | D:6      | Reached skill level 10 in Long Blades
  5776 | D:7      | Found a transporter.
  5876 | D:7      | Found a transporter.
  5947 | D:7      | Reached skill level 5 in Throwing
  6166 | D:7      | Reached ***** piety under Trog
  6278 | D:7      | Found a staircase to the Ecumenical Temple.
  6934 | D:8      | Found a bloodstained altar of Trog.
  6995 | D:8      | Reached XP level 10. HP: 88/88 MP: 9/9
  7018 | D:8      | Noticed Joseph
  7020 | D:8      | HP: 1/88 [Joseph/wand of lightning (?/15) (18)]
  7025 | D:8      | HP: 4/88 [Joseph/sling bullet (6)]
  7040 | D:8      | HP: 1/88 [Joseph/wand of lightning (?/15) (21)]
  7041 | D:8      | Shot with a sling bullet by Joseph

Vault maps used:
D:1:      dpeg_arrival_pits, minivault_27
D:2:      marbit_many_paths, first_bread, lemuel_old_faithful
D:4:      nicolae_ru_awakened_eye
D:5:      lightli_sewer_entry_pipes, hex_intersection, minivault_25,
          uniq_edmund, uniq_ijyb, uniq_pikel, uniq_grinder
D:6:      kennysheep_boxes, uniq_sigmund
D:7:      gammafunk_cloud_chamber, temple_fountains
D:8:      overflow_temple_1_default, uniq_joseph

Skill      XL: |  1  2  3  4  5  6  7  8  9 |
---------------+----------------------------+-----
Long Blades    | 4 5 6 7 9 10 | 10.7
Fighting       | 4 5 7 |  7.9
Armour         | 3 4 5 6 7 |  7.4
Dodging        | 3 4 5 6 |  6.8
Throwing       | 1 2 4 5 |  5.3

Action                   |  1- 3 |  4- 6 |  7- 9 | 10-12 || total
-------------------------+-------+-------+-------+-------++-------
Melee: Falchion          |    67 |   162 |   325 |     1 ||   555
       Headbutt          |    10 |    36 |    75 |       ||   121
Throw: Tomahawk          |       |    10 |    27 |     6 ||    43
Invok: Berserk           |     1 |       |     3 |       ||     4
       Trog's Hand       |       |       |     1 |     1 ||     2
  Use: Scroll            |       |     2 |       |     2 ||     4
       Potion            |       |       |       |     2 ||     2
  Eat: Chunk             |       |     8 |    11 |     1 ||    20
       Bread ration      |       |       |     2 |       ||     2
Armor: Animal skin       |     4 |       |       |       ||     4
       Ring mail         |    27 |    18 |       |       ||    45
       Plate armour      |       |    48 |    82 |       ||   130
       Scale mail        |       |       |    58 |     2 ||    60
Dodge: Dodged            |    47 |    69 |   136 |     3 ||   255
Block: Other             |       |    21 |    28 |       ||    49
       Reflection        |       |     2 |     2 |       ||     4
       Rpst.: Falchion   |    12 |    22 |    38 |       ||    72

Table legend:
 A = Spawn XP
 B = Non-spawn XP
 C = Spawn XP percentage of total XP
 D = Spawn monster count
 E = Non-spawn monster count
 F = Spawn count percentage of total count
 G = Total turns spent on level
                    A         B        C        D         E        F      G
               +---------+---------+-------+---------+---------+-------+---------
         Total |       0 |    5612 |   0.0 |       0 |     182 |   0.0 |  7041
               +---------+---------+-------+---------+---------+-------+---------
           D:1 |       0 |      33 |   0.0 |       0 |      17 |   0.0 |   618
           D:2 |       0 |     100 |   0.0 |       0 |      29 |   0.0 |   655
           D:3 |       0 |     156 |   0.0 |       0 |      28 |   0.0 |   866
           D:4 |       0 |     560 |   0.0 |       0 |      17 |   0.0 |  1237
           D:5 |       0 |    2788 |   0.0 |       0 |      30 |   0.0 |  1404
           D:6 |       0 |     528 |   0.0 |       0 |      16 |   0.0 |   996
           D:7 |       0 |     658 |   0.0 |       0 |      22 |   0.0 |   769
           D:8 |       0 |     789 |   0.0 |       0 |      23 |   0.0 |   496
               +---------+---------+-------+---------+---------+-------+---------
